 Seeded DCSS version 0.29.1-14-g9c671dbff4 (webtiles) character file.

Game seed: 20230211 (custom seed)

4505 ueste the Summoner (level 10, -15/65 HPs)
             Began as a Merfolk Summoner on Feb 14, 2023.
             Was a Priest of Hepliaklqana.
             Demolished by an orc warlord
             ... wielding a +8 executioner's axe
              (48 damage)
             ... in a bailey on Feb 15, 2023.
             The game lasted 02:24:01 (13980 turns).

ueste the Summoner (Merfolk Summoner)              Turns: 13980, Time: 02:24:01

Health: -15/65     AC:  6    Str:  8    XL:     10   Next: 39%
Magic:  11/20      EV: 15    Int: 25    God:    Hepliaklqana [***...]
Gold:   362        SH:  0    Dex: 15    Spells: 6/22 levels left

rFire   . . .      SeeInvis .   s - +2 short sword (drain)
rCold   . . .      Faith    .   (no shield)
rNeg    . . .      Spirit   .   L - +0 steam dragon scales
rPois   .          Reflect  .   (no helmet)
rElec   .          Harm     .   o - scarf {repulsion}
rCorr   .          Rampage  .   m - +0 pair of gloves
Will    +....                   (no boots)
Stlth   +++.......              (no amulet)
HPRegen 0.20/turn               t - +6 ring of intelligence
MPRegen 0.17/turn               R - ring of willpower

@: repel missiles
A: reduced essence, (nimble swimmer 2), mertail
a: Renounce Religion, Recall Ancestor, Ancestor Identity, Transference


You were in a bailey.
You worshipped Hepliaklqana.
Hepliaklqana was most pleased with you.
You visited 2 branches of the dungeon, and saw 9 of its levels.
You also visited: Sewer, Ossuary and Bailey.

You collected 582 gold pieces.
You spent 220 gold pieces at shops.

Inventory:

Hand Weapons
 g - a +0 dagger
 s - a +2 short sword of draining (weapon)
 y - a +0 club
 J - a +2 hand axe of flaming
 K - a +0 scimitar
 S - a +2 vorpal sling
 V - a +1 dagger of flaming
 W - a +2 trident of flaming
 X - a +2 whip of venom
Missiles
 i - 31 poisoned darts (quivered)
 k - 69 stones
 p - 5 silver javelins
 O - 7 boomerangs
 U - a curare-tipped dart
Armour
 a - a +0 robe
 m - a +0 pair of gloves (worn)
 o - a scarf of repulsion (worn)
 L - +0 steam dragon scales (worn)
Jewellery
 t - a +6 ring of intelligence (left hand)
 N - a ring of positive energy
 Q - a ring of fire
 R - a ring of willpower (right hand)
Wands
 x - a wand of roots (8)
 P - a wand of quicksilver (7)
Scrolls
 c - 6 scrolls of teleportation
 d - 3 scrolls of identify
 j - 3 scrolls of enchant armour
 n - 6 scrolls of noise
 v - a scroll of blinking
 z - a scroll of silence {unknown}
 A - a scroll of fog {unknown}
 C - 3 scrolls of immolation
 D - a scroll of vulnerability {unknown}
 F - 3 scrolls of magic mapping {unknown}
 I - a scroll of summoning {unknown}
 M - 2 scrolls of fear {unknown}
Potions
 b - 2 potions of magic
 e - 5 potions of haste
 f - 2 potions of brilliance
 h - 2 potions of berserk rage {unknown}
 l - 3 potions of resistance {unknown}
 q - a potion of mutation {unknown}
 r - 6 potions of might
 u - 4 potions of flight {unknown}
 w - 3 potions of lignification {unknown}
 B - 4 potions of curing
 E - 2 potions of attraction {unknown}
 G - 3 potions of degeneration {unknown}
 H - 3 potions of cancellation
 T - a potion of invisibility
 Y - 3 potions of heal wounds


   Skills:
 + Level 4.7 Fighting
 - Level 5.3 Short Blades
 - Level 3.3 Armour
 + Level 7.2 Dodging
 + Level 6.4 Stealth
 * Level 6.9 Spellcasting
 * Level 8.3 Summonings


You had 6 spell levels left.
You knew the following spells:

 Your Spells              Type           Power      Damage    Failure   Level
a - Summon Small Mammal   Summ           100%       N/A       1%          1
b - Call Imp              Summ           50%        N/A       1%          2
c - Beastly Appendage     Tmut           16%        N/A       7%          1
d - Call Canine Familiar  Summ           50%        N/A       1%          3
e - Summon Guardian Gole  Hex/Summ       29%        N/A       3%          3
f - Summon Lightning Spi  Summ/Air       29%        N/A       12%         4
g - Blink                 Tloc           16%        N/A       11%         2

Your spell library contained the following spells:

 Spells                   Type           Power      Damage    Failure   Level
 Slow                     Hex            32%        N/A       7%          1
 Scorch                   Fire           16%        2d6       11%         2
 Wereblood                Tmut           8%         N/A       11%         2
 Confusing Touch          Hex            8%         N/A       21%         3
 Spider Form              Tmut/Pois      8%         N/A       21%         3
 Vampiric Draining        Necr           8%         2d6       21%         3
 Summon Forest            Summ/Tloc      14%        N/A       34%         5
 Summon Mana Viper        Hex/Summ       29%        N/A       34%         5
 Summon Cactus Giant      Summ           25%        N/A       34%         6
 Flame Wave               Conj/Fire      8%         2d5       56%         4
 Hailstorm                Conj/Ice       8%         3d4       56%         4
 Ice Form                 Ice/Tmut       8%         N/A       56%         4
 Manifold Assault         Tloc           8%         N/A       88%         5
 Simulacrum               Ice/Necr       4%         N/A       100%        6
 Storm Form               Tmut/Air       4%         N/A       100%        7


Dungeon Overview and Level Annotations

Branches:
Dungeon (8/15)             Temple (1/1) D:4           Sewer (visited)
Ossuary (visited)          Bailey (1/1)
   Lair: D:8-11

Altars:
Ashenzari
Cheibriados
Dithmenos
Elyvilon
Fedhas
Gozag
Hepliaklqana
Kikubaaqudgha
Makhleb
Nemelex Xobeh
Okawaru
Qazlal
Ru
Sif Muna
Trog
Uskayaw
Vehumet
Wu Jian
Yredelemnul
Zin

Shops:
D:1 [   D:6 :   D:8 !

Annotations:
D:6 Dowan, Duvessa


Innate Abilities, Weirdness & Mutations

Your life essence is reduced to manifest your ancestor. (-10% HP)
((You are very nimble when in or above water. (Stealth+, EV+, Speed+++)))
Your lower body shifts to a powerful aquatic tail in water.


Message History

Your crimson imp dies!
Your crimson imp disappears in a puff of smoke!
Casting: Call Canine Familiar (safe; 1% risk of failure)
Confirm with . or Enter, or press ? or * to list all spells.
The orc warlord shouts!
Casting: Call Canine Familiar (safe; 1% risk of failure)
Confirm with . or Enter, or press ? or * to list all spells.
A beastly little devil appears in a puff of frigid air.
Your wolf closely misses the orc warlord.
Casting: Call Imp (safe; 1% risk of failure)
Confirm with . or Enter, or press ? or * to list all spells.
Your wolf bites the orc warlord!
Your wolf bites the orc warlord but does no damage.
Your white imp hits the orc warlord but does no damage.
You closely miss the orc warlord.
The orc warlord is almost dead.
Your wolf bites the orc warlord but does no damage.
The orc warlord hits you with a +8 executioner's axe!!
The orc warlord hits your white imp with a +8 executioner's axe!!
Your white imp dies!
Your white imp disappears in a puff of smoke!
The orc warlord hits your wolf with a +8 executioner's axe!
Casting: Summon Small Mammal (safe; 1% risk of failure)
Confirm with . or Enter, or press ? or * to list all spells.
A beastly little devil appears in a puff of flame.
Your wolf closely misses the orc warlord.
The orc warlord hits you with a +8 executioner's axe!!
The orc warlord hits your quokka with a +8 executioner's axe!!
Your quokka dies!
Your quokka's corpse disappears in a puff of smoke!
The orc warlord barely misses your wolf.
Your wolf bites the orc warlord but does no damage.
You swap places.
Your wolf bites the orc warlord but does no damage.
Your crimson imp barely misses the orc warlord.
You feel better.
Your wolf closely misses the orc warlord.
The orc warlord hits you with a +8 executioner's axe!!!
Ouch! That really hurt!
You die...

##.......##)......##
.#.......#.........#
.##88.88##.........##
..###'###.....⌠.....#
.###...###.°.......##
.#.......#.........#
##.......##..).h..##
#.... #....5o.# #
##..))@## ####)## #
..)) # ....... ##
#.......# .#
#......... .##
#.........
..#######.....⌠.
.##.....##


You could see an orc warlord (ally target), a friendly wolf (summoned) and a
friendly crimson imp (summoned).

Vanquished Creatures
  Eustachio (D:6)
  An orc warrior (Bailey)
  An ice beast (D:6)
  An iguana (D:4)
  A gnoll (Bailey)
  A white imp (D:6)
  An orc (D:6)
  A ball python (Sewer)
  A bat (D:3)
  An endoplasm (D:2)
  A gnoll zombie (Ossuary)
  A bat simulacrum (Ossuary)
  A kobold simulacrum (Ossuary)
13 creatures vanquished.

Vanquished Creatures (collateral kills)
  Maggie (D:6)
  Grinder (D:3)
  Sigmund (D:3)
  A wyvern (D:8)
  A steam dragon (D:7)
  A water moccasin (D:7)
  4 orc warriors (Bailey)
  A sky beast (D:7)
  3 ice beasts
  A black bear (D:6)
  2 ogres
  3 phantoms
  A nameless horror (Bailey)
  2 bullfrogs
  2 kobold brigands
  A gnoll sergeant (D:3)
  4 scorpions (D:6)
  6 killer bees
  A gnoll bouda (D:5)
  2 hounds (D:6)
  3 orc priests
  2 iguanas
  10 orc wizards
  14 gnolls
  6 adders
  A river rat (Sewer)
  A shadow imp (D:7)
  An ufetubus (D:4)
  3 worms
  41 orcs
  4 spectral bats (Ossuary)
  10 endoplasms
  4 giant cockroaches
  9 gnoll zombies (Ossuary)
  20 hobgoblins
  8 ball pythons
  4 bats
  4 bat simulacra (Ossuary)
  3 frilled lizards
  15 goblins
  4 goblin zombies (Ossuary)
  5 hobgoblin zombies (Ossuary)
  16 kobolds
  4 kobold simulacra (Ossuary)
  4 kobold zombies (Ossuary)
  5 orc zombies (Ossuary)
  6 rats
  A rat simulacrum (Ossuary)
  A spectral goblin (Ossuary)
  5 spectral kobolds (Ossuary)
  5 spectral rats (Ossuary)
258 creatures vanquished.

Vanquished Creatures (others)
  2 killer bees (D:8)
  2 knights (Bailey)
  A mummy (Ossuary)
  An ancestor (D:6)
  2 gnoll zombies (Ossuary)
  2 plants (D:2)
10 creatures vanquished.

Grand Total: 281 creatures vanquished

Notes
Turn   | Place    | Note
-------+----------+-------------------------------------------
     0 | D:1      | ueste the Merfolk Summoner began the quest for the Orb.
     0 | D:1      | Reached XP level 1. HP: 13/13 MP: 3/3
   355 | D:1      | Found a faded altar of an unknown god.
   671 | D:1      | Reached XP level 2. HP: 19/19 MP: 1/5
   674 | D:1      | Learned a level 2 spell: Call Imp
  1286 | D:1      | Found Zoqeb's Antique Armour Boutique.
  1753 | D:1      | Reached XP level 3. HP: 24/24 MP: 0/6
  3804 | D:2      | Learned a level 1 spell: Beastly Appendage
  3808 | D:2      | Learned a level 3 spell: Call Canine Familiar
  3810 | D:3      | Noticed Grinder
  4052 | D:3      | Reached XP level 4. HP: 30/30 MP: 4/7
  4108 | D:3      | Noticed a gnoll sergeant
  4426 | D:4      | Found a staircase to the Ecumenical Temple.
  4432 | Temple   | Entered the Ecumenical Temple
  4432 | Temple   | Found a transporter.
  4432 | Temple   | Found a transporter.
  4434 | Temple   | Found a transporter.
  4434 | Temple   | Found a transporter.
  4448 | Temple   | Became a worshipper of Hepliaklqana the Forgotten
  4495 | D:4      | Reached skill level 1 in Short Blades
  4496 | D:4      | Reached XP level 5. HP: 27/35 MP: 2/9
  4697 | D:4      | Found a glowing drain.
  4727 | Sewer    | Entered a sewer
  4733 | Sewer    | Reached skill level 1 in Armour
  4894 | Sewer    | Reached skill level 5 in Summonings
  4894 | Sewer    | Reached XP level 6. HP: 41/41 MP: 4/10
  5651 | Sewer    | Learned a level 3 spell: Summon Guardian Golem
  5651 | Sewer    | Identified a scroll of acquirement
  6074 | D:4      | Reached XP level 7. HP: 43/47 MP: 5/12
  6529 | D:5      | Entered Level 5 of the Dungeon
  6556 | D:5      | Found a sand-covered staircase.
  6562 | Ossuary  | Entered an ossuary
  7095 | Ossuary  | Reached skill level 1 in Fighting
  7546 | D:5      | Reached * piety under Hepliaklqana
  7790 | D:5      | Found a bloodstained altar of Trog.
  8671 | D:6      | Reached XP level 8. HP: 49/49 MP: 10/14
  8703 | D:6      | Noticed Eustachio
  8724 | D:6      | Reached skill level 6 in Summonings
  8950 | D:6      | Killed Eustachio
  8951 | D:6      | Reached skill level 5 in Dodging
  9062 | D:6      | Noticed Maggie
  9160 | D:6      | Learned a level 4 spell: Summon Lightning Spire
  9214 | D:6      | Reached skill level 5 in Spellcasting
  9364 | D:6      | Reached skill level 5 in Stealth
  9369 | D:6      | Found Tinkyis's Book Shop.
  9374 | D:6      | Reached ** piety under Hepliaklqana
  9463 | D:6      | Reached XP level 9. HP: 56/56 MP: 11/16
  9463 | D:6      | Remembered your ancestor Ilanqa as a knight
  9769 | D:6      | Noticed Duvessa
  9769 | D:6      | Noticed Dowan
 10015 | D:6      | Killed Maggie
 10016 | D:6      | Reached skill level 7 in Summonings
 10536 | D:3      | Learned a level 2 spell: Blink
 10693 | D:3      | Killed Grinder
 10778 | D:3      | Noticed Sigmund
 10783 | D:3      | Killed Sigmund
 10917 | D:3      | Acquired a book of the Wilderness
 12344 | D:7      | Reached skill level 5 in Short Blades
 12451 | D:7      | Reached XP level 10. HP: 63/63 MP: 17/19
 12830 | D:8      | Reached skill level 8 in Summonings
 12874 | D:8      | Found Zaskecibb's Distillery.
 12882 | D:8      | Bought a potion of might for 44 gold pieces
 12882 | D:8      | Bought a potion of invisibility for 88 gold pieces
 12882 | D:8      | Bought a potion of cancellation for 88 gold pieces
 13057 | D:8      | Reached *** piety under Hepliaklqana
 13266 | D:8      | Found a flagged portal.
 13280 | Bailey   | Entered a bailey
 13957 | Bailey   | Noticed an orc warlord
 13980 | Bailey   | Demolished by an orc warlord

Illustrated notes

Levels and vault maps discovered:
D:1:      reono_arrival_mine, layout_basic, basic_ecumenical_altar,
          serial_shops, nicolae_lakefront_shop, minmay_split_cup_large
D:2:      layout_rooms, serial_bayou_lagoon_a, minmay_tall_x
D:3:      layout_rooms, amethyst_killhole, uniq_grinder, uniq_sigmund
D:4:      layout_cave_pools, temple_doors_e, cheibrodos_sewer_entry_bend
D:5:      layout_basic, general_overflow_altar, enter_ossuary_2
D:6:      layout_basic, serial_shops, shop_coins, minmay_holes,
          minmay_misc_feat_nine_boxes, grunt_decor_resistance, uniq_eustachio,
          uniq_maggie, uniq_duvessa
D:7:      layout_basic
D:8:      layout_cave_pools, mainiacjoe_overflow_divided_tiny, enter_bailey_4,
          serial_shops, nicolae_diamond_shop, guppyfry_early_elven_hall
Temple:   hellmonk_temple_divided_pantheon
Bailey:   bailey_axe_minmay_hex_keep, bailey

Skill      XL: |  1  2  3  4  5  6  7  8  9 10 |
---------------+-------------------------------+-----
Dodging        | 3 4 5 6 7 |  7.2
Stealth        | 3 4 5 6 |  6.4
Short Blades   | 1 2 3 4 5 |  5.3
Spellcasting   | 3 4 5 6 |  6.9
Armour         | 1 2 3 |  3.3
Summonings     | 5 6 7 8 |  8.3
Fighting       | 1 3 4 |  4.7

Action                   |  1- 3 |  4- 6 |  7- 9 | 10-12 || total
-------------------------+-------+-------+-------+-------++-------
Melee: Dagger            |    14 |       |       |       ||    14
       Unarmed           |     1 |       |       |       ||     1
       Punch             |     1 |     2 |       |     1 ||     4
       Short sword       |     1 |    15 |    41 |    19 ||    76
       Tailslap          |       |       |       |     1 ||     1
Throw: Dart              |       |       |     2 |       ||     2
 Cast: Summon Small Mamm |    86 |    50 |    95 |    40 ||   271
       Call Imp          |    50 |    19 |    38 |    20 ||   127
       Call Canine Famil |     1 |    18 |    36 |    18 ||    73
       Summon Guardian G |       |       |    13 |     6 ||    19
       Summon Lightning  |       |       |     2 |     5 ||     7
Invok: Ancestor Identity |       |       |     1 |       ||     1
       Recall Ancestor   |       |       |     1 |     3 ||     4
       Ancestor Life: Kn |       |       |     1 |       ||     1
  Use: Scroll            |     4 |     2 |     5 |     1 ||    12
       Potion            |       |     1 |     2 |     3 ||     6
 Stab: Distracted        |       |       |     1 |     1 ||     2
Armor: Robe              |     7 |     4 |    10 |       ||    21
       Steam dragon scal |       |       |     3 |     3 ||     6
Dodge: Dodged            |    28 |    23 |    40 |    14 ||   105
       Repelled          |       |     1 |       |     1 ||     2
